 Dungeon Crawl Stone Soup version 0.20.0-15-g7f486f2 (webtiles) character file.

36800 Kriby the Severer (level 13, -9/136 HPs)
             Began as a Hill Orc Fighter on June 10, 2017.
             Was a High Priest of Beogh.
             Killed from afar by a shock serpent (28 damage)
             ... with a bolt of electricity
             ... on level 1 of the Snake Pit.
             The game lasted 00:23:51 (19508 turns).

Kriby the Severer (Hill Orc Fighter)               Turns: 19508, Time: 00:23:51

Health: -9/136     AC: 12    Str: 29    XL:     13   Next: 92%
Magic:  0/14       EV:  0    Int: 10    God:    Beogh [*****.]
Gold:   1479       SH: 23    Dex: 15    Spells: 12/12 levels left

rFire    + . .     SeeInvis +   Q - +0 war axe (elec)
rCold    + . .     Gourm    .   B - +3 large shield "Heac" {rN+ Slay+2}
rNeg     + . .     Faith    .   o - +0 plate armour
rPois    +         Spirit   .   (helmet restricted)
rElec    .         Reflect  +   x - scarf {rC+ rF+}
rCorr    .         Harm     .   Z - +0 pair of gloves
MR       .....                  (no boots)
Stlth    ..........             q - +4 amulet of reflection
Regen    0.4/turn               G - ring of poison resistance
MPRegen  0.2/turn               b - +5 ring of dexterity

@: mighty, constricted
A: walk on water, antennae 1, see invisible, clever 1
a: Smiting, Recall Orcish Followers, Give Item to Named Follower, Renounce
Religion


You were on level 1 of the Snake Pit.
You worshipped Beogh.
Beogh was extremely pleased with you.
You were hungry.

You visited 3 branches of the dungeon, and saw 16 of its levels.

You collected 1479 gold pieces.

Inventory:

Hand Weapons
 k - a +2 flail of protection
 D - a +4 double sword of electrocution
 E - a +3 executioner's axe of electrocution
 F - a +1 broad axe of draining
 Q - a +0 war axe of electrocution (weapon)
 S - the +6 arbalest "Damnation" {damnation}
   (You found it on level 5 of the Lair of Beasts)
Armour
 m - a +2 helmet
 o - a +0 plate armour (worn)
 x - a scarf of resistance (worn)
 B - the +3 large shield "Heac" (worn) {rN+ Slay+2}
   (You found it on level 8 of the Dungeon)

   It affects your accuracy and damage with ranged weapons and melee attacks
   (+2).
   It protects you from negative energy.
 Y - a +2 cloak
 Z - a +0 pair of gloves (worn)
Jewellery
 b - a +5 ring of dexterity (right hand)
 q - a +4 amulet of reflection (around neck)
 C - an uncursed ring of see invisible
 G - a ring of poison resistance (left hand)
 J - a +3 ring of evasion
 N - a cursed ring of loudness {unknown}
 O - an uncursed ring of flight
Wands
 A - a wand of acid (4/15)
 I - a wand of scattershot (4/9)
 P - a wand of clouds (2/9)
Scrolls
 l - 3 scrolls of enchant weapon
 n - 5 scrolls of identify
 p - a scroll of fear
 t - 2 scrolls of magic mapping
 w - 2 scrolls of teleportation
 y - 3 scrolls of enchant armour
 K - 3 scrolls of recharging
 M - 7 scrolls of remove curse
 R - 2 scrolls of blinking
 T - a scroll of amnesia
 X - a scroll of fog
Potions
 a - 4 potions of flight
 c - 3 potions of curing
 d - 4 potions of might
 e - a potion of cancellation
 g - 2 potions of magic
 h - a potion of invisibility
 r - a potion of berserk rage
 s - 3 potions of haste
 u - a potion of brilliance
 z - 2 potions of agility
 H - 2 potions of lignification
 L - 2 potions of resistance
 W - 2 potions of ambrosia
Miscellaneous
 U - 2 phantom mirrors
Comestibles
 f - 10 bread rations
 i - 8 meat rations
 j - 9 royal jellies
 v - 27 fruits


   Skills:
 + Level 18.8 Fighting
 - Level 19.0 Axes
   Level 3.2 Staves
 + Level 3.7 Armour
 + Level 3.7 Shields
 + Level 1.5 Invocations


You had 12 spell levels left.
You didn't know any spells.

Dungeon Overview and Level Annotations

Branches:
Dungeon (9/15)             Temple (0/1) D:6            Lair (6/6) D:9
 Shoals (0/4) Lair:4        Snake (1/4) Lair:2        Slime (0/5) Lair:5
    Orc: D:9-12

Altars:
Ashenzari
Dithmenos
Okawaru
Sif Muna
Uskayaw
The Shining One

Shops:
D:8 *

Annotations:
Lair:3 exclusion: 2 oklob plants


Innate Abilities, Weirdness & Mutations

You can walk on water.
You have a pair of small antennae on your head.
You have supernaturally acute eyesight. (SInv)
Your mind is acute. (Int +2)


Message History

You closely miss the mana viper. x2; You block the anaconda's attack.
* * * LOW HITPOINT WARNING * * *
The anaconda constricts you. You block the shock serpent's attack.
You block the mana viper's attack. The mana viper bites you!
* * * LOW HITPOINT WARNING * * *
You feel your power leaking away. You block the anaconda's attack.
* * * LOW HITPOINT WARNING * * *
The anaconda constricts you.
You feel much better.
The shock serpent bites you but does no damage.
The naga ritualist gestures at you while chanting.
You resist with significant effort. You block the mana viper's attack.
You block the anaconda's attack.
* * * LOW HITPOINT WARNING * * *
The anaconda constricts you. The mana viper bites you!
* * * LOW HITPOINT WARNING * * *
The shock serpent shoots out a bolt of lightning at you!
The bolt of electricity hits you!
You die...

# ######
#......##########.....
###....#####......######
#......
...................รท...##
#....#.
...#########......####..#
#...##. .### #..:..## ##.#
#..###. ## #####....#####
#.# #..# #.
.#######............# #.#
#..# #.
..##......######....# #.#
#..# #. ......#####
#S@...# #.# #..# #.
....### #.SSSN.# #.###..#
#. )..## .....S...#
#......# #. ...#
...........# #......# #.
...# ...........# #......#
##.# ...........#
#......... #.#
...........# #..........
#.# ...........#
#.......... .. #......./..


You could see an anaconda, a naga ritualist, a shock serpent, 2 mana vipers and
a black mamba.

Vanquished Creatures
  Azrael (Snake:1)
  2 hydras
  Erolcha (D:9)
  2 two-headed ogres (D:8)
  9 elephants (Lair:4)
  3 black mambas
  10 spiny frogs
  3 komodo dragons
  2 rime drakes
  3 tyrant leeches (Lair:6)
  25 blink frogs
  6 hippogriffs
  A spriggan (D:7)
  4 basilisks
  2 fire bats (Lair:3)
  2 fire elementals (Snake:1)
  14 yaks
  8 vampire mosquitoes
  5 nagas
  Edmund (D:6)
  10 water moccasins
  2 hell hounds (Snake:1)
  9 porcupines
  An orc warrior (D:7)
  2 sky beasts
  A necrophage (D:8)
  A black bear (D:8)
  4 phantoms
  6 wolves (Lair:1)
  4 boggarts (Lair:5)
  2 ogres
  A centaur (D:6)
  5 crocodiles
  2 big kobolds
  24 bullfrogs
  A gnoll sergeant (D:6)
  3 scorpions
  11 killer bees
  A howler monkey (D:6)
  4 crimson imps
  A lava snake (Lair:3)
  3 bullfrog zombies
  4 hounds
  A centaur skeleton (D:9)
  An orc priest (D:8)
  4 iguanas
  9 jellies
  A bullfrog skeleton (D:4)
  6 worker ants
  4 orc wizards
  A hound skeleton (D:9)
  10 adders
  7 gnolls (D:6)
  A howler monkey skeleton (D:6)
  A shadow imp (D:5)
  An adder skeleton (D:8)
  A worm (D:2)
  5 dart slugs
  3 leopard geckos
  22 orcs
  A ball python (D:2)
  5 giant cockroaches
  5 goblins
  4 hobgoblins
  22 jackals
  6 quokkas
  5 bats
  7 frilled lizards
  22 kobolds
  A leopard gecko zombie (D:5)
  7 rats
  5 fungi
  12 plants
386 creatures vanquished.

Vanquished Creatures (collateral kills)
  Nessos (Lair:5)
  Urug (Lair:5)
  A wolf spider (Lair:6)
  An elephant (Lair:4)
  2 black mambas
  6 spiny frogs (Lair:6)
  2 komodo dragons
  A rime drake (Lair:5)
  A tyrant leech (Lair:6)
  A polar bear (Lair:5)
  7 blink frogs
  5 yaks
  A vampire mosquito (Lair:6)
  A water moccasin (Lair:6)
  A porcupine (Lair:4)
  2 wolves (Lair:5)
  A crocodile (Lair:6)
  6 bullfrogs
  An electric eel (Lair:6)
  6 jellies (Lair:5)
  An ooze (Lair:5)
  A butterfly (Lair:6)
  A fungus (Lair:4)
  6 plants
57 creatures vanquished.

Vanquished Creatures (others)
  2 orc knights (Snake:1)
  A centaur (D:9)
  18 fungi
  26 plants
47 creatures vanquished.

Grand Total: 490 creatures vanquished

Notes
Turn   | Place    | Note
-------+----------+-------------------------------------------
     0 | D:1      | Kriby the Hill Orc Fighter began the quest for the Orb.
     0 | D:1      | Reached XP level 1. HP: 19/19 MP: 1/1
    74 | D:1      | Reached skill level 3 in Axes
   197 | D:1      | Reached XP level 2. HP: 27/27 MP: 2/2
   556 | D:1      | Reached skill level 4 in Axes
   597 | D:1      | Reached XP level 3. HP: 33/33 MP: 3/3
  1404 | D:2      | Reached XP level 4. HP: 36/40 MP: 4/4
  1407 | D:2      | Reached skill level 5 in Axes
  2101 | D:3      | Found a shadowy altar of Dithmenos.
  2357 | D:3      | Reached XP level 5. HP: 36/47 MP: 5/5
  2691 | D:3      | Reached skill level 1 in Staves
  3139 | D:3      | Reached skill level 5 in Fighting
  3387 | D:4      | Noticed a phantom
  3424 | D:4      | Killed a phantom
  3424 | D:4      | Reached XP level 6. HP: 13/56 MP: 6/6
  3841 | D:4      | Became a worshipper of Beogh the Brigand
  4370 | D:5      | Entered Level 5 of the Dungeon
  4393 | D:5      | Found a hide-covered altar of Uskayaw.
  4394 | D:5      | Found a shattered altar of Ashenzari.
  4398 | D:5      | Found a glowing golden altar of the Shining One.
  4398 | D:5      | Found an iron altar of Okawaru.
  4614 | D:5      | Reached XP level 7. HP: 32/66 MP: 7/7
  5132 | D:5      | Found a deep blue altar of Sif Muna.
  5752 | D:6      | Reached * piety under Beogh
  5776 | D:6      | Reached XP level 8. HP: 61/78 MP: 8/8
  5956 | D:6      | Reached skill level 10 in Fighting
  6145 | D:6      | Noticed Edmund
  6155 | D:6      | Killed Edmund
  6337 | D:6      | Found a staircase to the Ecumenical Temple.
  6758 | D:7      | Identified the cursed +0 ring mail of Experimentation {+Fly Slay+3} (You found it on level 7 of the Dungeon)
  6771 | D:7      | Noticed a hippogriff
  6785 | D:7      | Killed a hippogriff
  7081 | D:7      | Noticed a spriggan baker
  7094 | D:7      | Killed a spriggan baker
  7094 | D:7      | Reached XP level 9. HP: 67/90 MP: 9/9
  7383 | D:7      | Reached ** piety under Beogh
  8081 | D:8      | Noticed a two-headed ogre
  8088 | D:8      | Killed a two-headed ogre
  8341 | D:8      | Got a heavily runed large shield
  8342 | D:8      | Identified the +3 large shield "Heac" {rN+ Slay+2} (You found it on level 8 of the Dungeon)
  8371 | D:8      | Found Womitt's Assorted Antiques.
  8390 | D:8      | Noticed a two-headed ogre
  8399 | D:8      | Killed a two-headed ogre
  8399 | D:8      | Reached skill level 15 in Fighting
  8399 | D:8      | Reached XP level 10. HP: 60/105 MP: 10/10
  8778 | D:8      | Reached skill level 6 in Axes
  9174 | D:9      | Noticed Erolcha
  9183 | D:9      | Killed Erolcha
  9183 | D:9      | Reached skill level 8 in Axes
  9345 | D:9      | Found a staircase to the Lair.
  9399 | D:9      | Reached skill level 9 in Axes
  9454 | D:9      | Reached *** piety under Beogh
  9590 | D:9      | Gained mutation: You are agile. (Dex +2) [mutagenic meat]
  9591 | D:9      | Gained mutation: Your mind is acute. (Int +2) [mutagenic meat]
  9877 | D:9      | Reached skill level 10 in Axes
  9887 | D:9      | Reached XP level 11. HP: 114/114 MP: 11/11
 10251 | Lair:1   | Entered Level 1 of the Lair of Beasts
 10274 | Lair:1   | Noticed a five-headed hydra
 10289 | Lair:1   | Killed a five-headed hydra
 10289 | Lair:1   | Reached skill level 11 in Axes
 10848 | Lair:1   | Reached skill level 12 in Axes
 11387 | Lair:2   | Found a staircase to the Snake Pit.
 11739 | Lair:2   | Reached skill level 13 in Axes
 12495 | Lair:3   | Reached **** piety under Beogh
 12522 | Lair:3   | Noticed a seven-headed hydra
 12534 | Lair:3   | Killed a seven-headed hydra
 12932 | Lair:3   | Reached XP level 12. HP: 96/124 MP: 12/12
 12936 | Lair:3   | Reached skill level 14 in Axes
 13646 | Lair:4   | Found a staircase to the Shoals.
 13740 | Lair:4   | Reached skill level 15 in Axes
 13746 | Lair:4   | Gained Urtork as an ally
 13958 | Lair:4   | Got a pitted spear
 13959 | Lair:4   | Identified the +5 spear "Zatan" {venom, *Corrode rElec Int+4} (You found it on level 4 of the Lair of Beasts)
 14159 | Lair:4   | Identified a scroll of acquirement
 14847 | Lair:5   | Reached skill level 16 in Axes
 14864 | Lair:5   | Found a staircase to the Slime Pits.
 15027 | Lair:5   | Noticed Nessos
 15033 | Lair:5   | Killed Nessos
 15417 | Lair:5   | Reached ***** piety under Beogh
 15520 | Lair:5   | Reached XP level 13. HP: 101/134 MP: 13/13
 15704 | Lair:5   | Lost mutation: You are agile. (Dex +2) [potion of mutation]
 15704 | Lair:5   | Lost mutation: Your mind is acute. (Int +2) [potion of mutation]
 15704 | Lair:5   | Gained mutation: Potions are less effective at restoring your health. [potion of mutation]
 15704 | Lair:5   | Gained mutation: Your flesh is heat resistant. (rF+) [potion of mutation]
 15705 | Lair:5   | Lost mutation: Your flesh is heat resistant. (rF+) [potion of mutation]
 15705 | Lair:5   | Lost mutation: Potions are less effective at restoring your health. [potion of mutation]
 15705 | Lair:5   | Gained mutation: You have a pair of small antennae on your head. [potion of mutation]
 15705 | Lair:5   | Gained mutation: You have supernaturally acute eyesight. (SInv) [potion of mutation]
 15705 | Lair:5   | Gained mutation: Your mind is acute. (Int +2) [potion of mutation]
 15712 | Lair:5   | Reached skill level 17 in Axes
 15960 | Lair:5   | Noticed Urug
 15968 | Lair:5   | Killed Urug
 16586 | Lair:6   | Entered Level 6 of the Lair of Beasts
 16615 | Lair:6   | Gained Bogfrid as an ally
 16748 | Lair:6   | Reached skill level 18 in Axes
 18388 | Lair:6   | Reached skill level 19 in Axes
 18539 | Snake:1  | Entered Level 1 of the Snake Pit
 18640 | Snake:1  | Noticed Azrael
 18655 | Snake:1  | Your ally Urtork died
 18660 | Snake:1  | Your ally Bogfrid died
 18661 | Snake:1  | Killed Azrael
 18668 | Snake:1  | Reached skill level 1 in Invocations
 19508 | Snake:1  | Killed from afar by a shock serpent

Skill      XL: |  1  2  3  4  5  6  7  8  9 10 11 12 13 |
---------------+----------------------------------------+-----
Axes           | 3 4 5 10 13 16 19 | 19.0
Fighting       | 4 5 7 9 12 15 16 17 18 | 18.8
Staves         | 3 |  3.2
Invocations    | 1 |  1.5
Armour         | |  3.7
Shields        | |  3.7

Action                   |  1- 3 |  4- 6 |  7- 9 | 10-12 | 13-15 || total
-------------------------+-------+-------+-------+-------+-------++-------
Melee: War axe           |   116 |   111 |    61 |   456 |   243 ||   987
       Quarterstaff      |       |   124 |       |       |       ||   124
       Broad axe         |       |    20 |   222 |       |       ||   242
       Flail             |       |       |       |    19 |       ||    19
Invok: Convert to Beogh  |       |     1 |       |       |       ||     1
       Give Item to Name |       |       |       |       |     2 ||     2
       Recall Orcish Fol |       |       |       |       |     1 ||     1
Evoke: Wand              |       |       |       |       |     5 ||     5
  Use: Scroll            |       |       |    14 |     8 |     1 ||    23
       Potion            |       |       |       |     1 |    16 ||    17
 Stab: Invisible         |       |       |       |       |     4 ||     4
  Eat: Chunk             |     2 |    10 |    13 |    20 |     8 ||    53
       Bread ration      |       |       |       |     1 |     1 ||     2
Armor: Scale mail        |    69 |    28 |       |       |       ||    97
       Plate armour      |       |   157 |   208 |   212 |    38 ||   615
Dodge: Dodged            |    39 |    68 |    44 |    56 |     7 ||   214
Block: Shield            |    65 |    71 |   247 |       |       ||   383
       Other             |       |     3 |       |       |       ||     3
       Reflection        |       |     4 |     1 |     4 |     5 ||    14
       Large shield      |       |       |     4 |   515 |   240 ||   759
